 Dungeon Crawl Stone Soup version 0.22-a0-136-g83a10e5 (webtiles) character file.

67 varam the Magician (level 4, -26/30 HPs)
             Began as a Mummy Fire Elementalist on Feb 2, 2018.
             Killed by miscasting Sticky Flame (45 damage)
             ... on level 2 of the Dungeon.
             The game lasted 00:05:46 (1716 turns).

varam the Magician (Mummy Fire Elementalist)        Turns: 1716, Time: 00:05:47

Health: -26/30     AC:  3    Str: 11    XL:     4   Next: 0%
Magic:  2/9        EV: 12    Int: 15    God:
Gold:   99         SH:  0    Dex: 12    Spells: 2/9 levels left

rFire    x . .     SeeInvis .   h - +2 dagger (freeze)
rCold    + . .     Gourm    .   (no shield)
rNeg     + + +     Faith    +   a - +0 robe
rPois    ∞         Spirit   .   l - +0 helmet
rElec    .         Reflect  .   (no cloak)
rCorr    .         Harm     .   (no gloves)
MR       .....                  (no boots)
Stlth    ++........             j - amulet of faith
HPRegen  0.10/turn              i - ring of wizardry
MPRegen  0.11/turn              (no ring)

@: very slightly contaminated
A: no food or potions, fire vulnerability, cold resistance 1, negative energy
resistance 3, torment resistance, unbreathing
a: no special abilities


You were on level 2 of the Dungeon.
You were not hungry.

You visited 1 branch of the dungeon, and saw 3 of its levels.

You collected 99 gold pieces.

Inventory:

Hand Weapons
 h - a +2 dagger of freezing (weapon)
Armour
 a - a +0 robe (worn)
 l - a +0 helmet (worn)
Jewellery
 i - a ring of wizardry (left hand)
 j - an amulet of faith (around neck)
 k - an uncursed ring of resist corrosion {unknown}
Scrolls
 c - a scroll of immolation {unknown}
 d - a scroll of amnesia {unknown}
 e - a scroll of teleportation {unknown}
 f - a scroll of fog {unknown}
 g - a scroll of enchant armour {unknown}
Books
 b - a book of Flames

   Spells                             Type                      Level
   a - Flame Tongue                   Conjuration/Fire             1
   b - Throw Flame                    Conjuration/Fire             2
   c - Conjure Flame                  Conjuration/Fire             3
   d - Inner Flame                    Hexes/Fire                   3
   e - Sticky Flame                   Conjuration/Fire             4
   f - Fireball                       Conjuration/Fire             5


   Skills:
 - Level 1.5 Dodging
 - Level 1.5 Stealth
 + Level 3.4 Spellcasting
 * Level 2.3 Conjurations
 + Level 2.9 Fire Magic


You had 2 spell levels left.
You knew the following spells:

 Your Spells              Type           Power        Failure   Level  Hunger
a - Flame Tongue          Conj/Fire      ##...        2%          1    N/A
b - Throw Flame           Conj/Fire      ##....       4%          2    N/A
c - Sticky Flame          Conj/Fire      ##......     26%         4    N/A

Dungeon Overview and Level Annotations

Branches:
Dungeon (3/15)

Altars:

Annotations:
D:2 1 runed door
D:3 hpc's ghost, amateur GrFi


Innate Abilities, Weirdness & Mutations

You do not eat or drink.
Your flesh is vulnerable to fire.
You are immune to poison.
Your flesh is cold resistant. (rC+)
You are immune to negative energy. (rN+++)
You are immune to unholy pain and torment.
You can survive without breathing.


Message History

Aiming: Flame Tongue (safe; 2% risk of failure)
Press: ? - help, Shift-Dir - straight line, f/p - kobold
Aim: a kobold, wielding a short sword The flame tongue hits the hobgoblin.
The hobgoblin appears unharmed.
The hobgoblin closely misses you.
Unknown command.
Casting: Flame Tongue (safe; 2% risk of failure)
Confirm with . or Enter, or press ? or * to list all spells.
You don't know that spell.
Casting: Flame Tongue (safe; 2% risk of failure)
Confirm with . or Enter, or press ? or * to list all spells.
Aiming: Sticky Flame (quite dangerous; 26% risk of failure)
Press: ? - help, Shift-Dir - straight line, f - hobgoblin, p - kobold
Aim: a hobgoblin, wielding a club You miscast Sticky Flame.
You are very lightly contaminated with residual magic.
The fire burns you terribly!
You are caught in a fiery explosion!
The explosion engulfs you! The fire burns you terribly!
Ouch! That really hurt!
You die...

######### ## #...#
#.....>.. .. +...####
#.......# .# #......#
........# .# #......
#....###.# ..... #..Kg@.#
... #..##### #.#
#.###..###########.#######
#.............).))........
#......#.<..######'#######
#......#.##.# #...(.#
#......#.##># #.....##
.(......#.##.# #...)..#
(...###.#..#.# #......#


You could see a hobgoblin and a kobold.

Vanquished Creatures
  2 adders (D:2)
  2 oozes
  A worm (D:2)
  A dart slug (D:2)
  A leopard gecko (D:1)
  5 giant cockroaches
  2 goblins (D:2)
  5 hobgoblins
  5 bats
  2 frilled lizards
  6 kobolds
  7 rats
  A fungus (D:2)
40 creatures vanquished.

Notes
Turn   | Place    | Note
-------+----------+-------------------------------------------
     0 | D:1      | varam the Mummy Fire Elementalist began the quest for the Orb.
     0 | D:1      | Reached XP level 1. HP: 13/13 MP: 4/4
    78 | D:1      | Reached skill level 1 in Conjurations
   399 | D:1      | Reached XP level 2. HP: 19/19 MP: 3/5
   424 | D:1      | Learned a level 2 spell: Throw Flame
   516 | D:1      | Reached skill level 3 in Spellcasting
  1247 | D:2      | Reached XP level 3. HP: 24/24 MP: 4/7
  1419 | D:2      | Reached skill level 2 in Conjurations
  1601 | D:2      | Reached XP level 4. HP: 30/30 MP: 9/9
  1609 | D:2      | Learned a level 4 spell: Sticky Flame
  1625 | D:2      | Found a runed door.
  1654 | D:3      | Noticed hpc's ghost (amateur GrFi)
  1716 | D:2      | Killed by miscasting Sticky Flame

Vault maps used:
D:1:      lightli_arrival_statue_moat
D:2:      minitemple, minmay_distorted, uniq_crazy_yiuf_cottage
D:3:      minmay_diamond_boxcup, nemelex_spade_bored_becter

Skill      XL: |  1  2  3 |
---------------+----------+-----
Conjurations   | 1 2 |  2.3
Spellcasting   | 3 |  3.4
Dodging        | |  1.5
Stealth        | |  1.5
Fire Magic     | |  2.9

Action                   |  1- 3 |  4- 6 || total
-------------------------+-------+-------++-------
Melee: Unarmed           |     9 |       ||     9
       Dagger            |    37 |    14 ||    51
 Cast: Flame Tongue      |    47 |     3 ||    50
       Throw Flame       |     9 |       ||     9
 Stab: Sleeping          |     4 |       ||     4
Armor: Robe              |    18 |       ||    18
Dodge: Dodged            |    46 |     3 ||    49

Table legend:
 A = Spawn XP
 B = Non-spawn XP
 C = Spawn XP percentage of total XP
 D = Spawn monster count
 E = Non-spawn monster count
 F = Spawn count percentage of total count
 G = Total turns spent on level
                    A         B        C        D         E        F      G
               +---------+---------+-------+---------+---------+-------+---------
         Total |       0 |      97 |   0.0 |       0 |      39 |   0.0 |  1716
               +---------+---------+-------+---------+---------+-------+---------
           D:1 |       0 |      34 |   0.0 |       0 |      19 |   0.0 |  1088
           D:2 |       0 |      63 |   0.0 |       0 |      20 |   0.0 |   626
               +---------+---------+-------+---------+---------+-------+---------
